 Dungeon Sprint DCSS version 0.21.1-1-g345015f (webtiles) character file.

186 Fang the Skirmisher (level 5, -9/39 HPs)
             Began as a Gargoyle Berserker on July 15, 2018.
             Was an Elder of Trog.
             Mangled by a wight
             ... wielding a +0 flail
              (11 damage)
             ... in the Dungeon (Sprint VII: "The Pits").
             The game lasted 00:01:00 (402 turns).

Fang the Skirmisher (Gargoyle Berserker)             Turns: 402, Time: 00:01:01

Health: -9/39      AC:  6    Str: 22    XL:     5   Next: 65%
Magic:  5/5        EV: 13    Int:  7    God:    Trog [****..]
Gold:   0          SH:  0    Dex:  9    Spells: 4/4 levels left

rFire    . . .     SeeInvis .   m - +1 hand axe (freeze)
rCold    . . .     Gourm    .   (no shield)
rNeg     + . .     Faith    .   b - +0 animal skin
rPois    ∞         Spirit   .   (no helmet)
rElec    +         Reflect  .   (no cloak)
rCorr    .         Harm     .   (no gloves)
MR       .....     NoTele   +   (no boots)
Stlth    +.........             (no amulet)
HPRegen  0.13/turn              (no ring)
MPRegen  0.09/turn              (no ring)

@: berserk cooldown, slowed, very slow
A: negative energy resistance 1, electricity resistance, unbreathing,
petrification resistance, rot immunity, AC +4
a: Berserk, Trog's Hand, Brothers in Arms, Burn Spellbooks, Renounce Religion


You were in the Dungeon.
You worshipped Trog.
Trog was greatly pleased with you.
You were not hungry.

You visited 1 branch

Inventory:

Hand Weapons
 m - a +1 hand axe of freezing (weapon)
Armour
 b - a +0 animal skin (worn)
Scrolls
 i - a scroll of blinking
 k - 3 scrolls of remove curse
 l - a scroll of summoning
Potions
 a - 2 potions of invisibility
 d - 6 potions of curing
 e - 6 potions of heal wounds
 f - a potion of haste
 g - 4 potions of magic
 h - 3 potions of berserk rage
Comestibles
 c - 9 rations


   Skills:
 + Level 7.9 Fighting
 + Level 6.9 Axes
 + Level 3.6 Armour
 + Level 4.3 Dodging


You had 4 spell levels left.
You didn't know any spells.

Dungeon Overview and Level Annotations

Branches:
Dungeon (1/1)

Altars:
Cheibriados
Dithmenos
Elyvilon
Fedhas
Gozag
Hepliaklqana
Makhleb
Nemelex Xobeh
Okawaru
Qazlal
Ru
Sif Muna
Trog
Vehumet
Wu Jian
Xom
Yredelemnul
Zin
The Shining One
Beogh
Jiyva
Lugonu


Innate Abilities, Weirdness & Mutations

You are resistant to torment.
Your stone body is resilient. (AC +4)
You are immune to poison.
You resist negative energy. (rN+)
You are resistant to electric shocks. (rElec)
You can survive without breathing.
You are immune to petrification.
You are immune to rotting.


Message History

You slash the wight!
You destroy the wight!
Trog accepts your kill.
You barely miss the wight.
Unknown command.
You are no longer berserk.
You are exhausted.
You feel yourself slow down. The wight hits you but does no damage.
You hit the wight.
The wight is heavily damaged.
The wight hits you with a flail.
* * * LOW HITPOINT WARNING * * *
You closely miss the wight.
The wight is heavily damaged.
The wight hits you with a flail.
* * * LOW HITPOINT WARNING * * *
You hit the wight.
The wight is severely damaged.
The wight hits you with a flail!
You die...

#.#..#...#.#####'##
#.#.†#####.##......
#.#..'...#.##......
#.#†.'...'.##......
#.#.†########...<..
#.#..'[))).##......
#.#..#[))).##......
#'###########......
#.@.....# #######
#)z#.#..# #.## #
#.. #.# #.. #.. ###


You could see a wight.

Vanquished Creatures
  A scorpion (D)
  3 wights (D)
  An ufetubus (D)
  A leopard gecko (D)
  2 quokkas (D)
  2 ball pythons (D)
  2 bats (D)
  A rat (D)
13 creatures vanquished.

Notes
Turn   | Place    | Note
-------+----------+-------------------------------------------
     0 | D        | Fang the Gargoyle Berserker began the quest for the Orb.
     0 | D        | Reached XP level 1. HP: 14/14 MP: 1/1
    34 | D        | Found a bloodstained altar of Trog.
    34 | D        | Found a deep blue altar of Sif Muna.
    34 | D        | Found a viscous altar of Jiyva.
    34 | D        | Found a hazy altar of Hepliaklqana.
    34 | D        | Found an opulent altar of Gozag.
    35 | D        | Found a glowing golden altar of the Shining One.
    35 | D        | Found a glowing silver altar of Zin.
    35 | D        | Found a basalt altar of Yredelemnul.
    35 | D        | Found a shimmering altar of Xom.
    35 | D        | Found an ornate altar of the Wu Jian Council.
    35 | D        | Found a sacrificial altar of Ru.
    35 | D        | Found a stormy altar of Qazlal.
    35 | D        | Found an iron altar of Okawaru.
    35 | D        | Found a sparkling altar of Nemelex Xobeh.
    35 | D        | Found a burning altar of Makhleb.
    35 | D        | Found a blossoming altar of Fedhas.
    35 | D        | Found a white marble altar of Elyvilon.
    35 | D        | Found a shadowy altar of Dithmenos.
    35 | D        | Found a snail-covered altar of Cheibriados.
    37 | D        | Found a radiant altar of Vehumet.
    37 | D        | Found a corrupted altar of Lugonu.
    37 | D        | Found a roughly hewn altar of Beogh.
    88 | D        | Reached ** piety under Trog
   113 | D        | Reached skill level 4 in Fighting
   113 | D        | Reached XP level 2. HP: 17/20 MP: 2/2
   183 | D        | Reached *** piety under Trog
   383 | D        | Noticed a wight
   383 | D        | Noticed a wight
   384 | D        | Noticed a scorpion
   384 | D        | Noticed a wight
   384 | D        | Noticed a wight
   389 | D        | Killed a wight
   389 | D        | Reached skill level 5 in Fighting
   389 | D        | Reached XP level 3. HP: 25/27 MP: 3/3
   390 | D        | Reached **** piety under Trog
   390 | D        | Reached skill level 6 in Fighting
   390 | D        | Reached skill level 5 in Axes
   390 | D        | Reached XP level 4. HP: 30/32 MP: 4/4
   397 | D        | Reached skill level 7 in Fighting
   397 | D        | Reached XP level 5. HP: 9/38 MP: 5/5
   402 | D        | Mangled by a wight

Skill      XL: |  1  2  3  4 |
---------------+-------------+-----
Axes           | 3 4 5 6 |  6.9
Fighting       | 4 5 6 7 |  7.9
Dodging        | 2 3 4 |  4.3
Armour         | 3 |  3.6

Action                   |  1- 3 |  4- 6 || total
-------------------------+-------+-------++-------
Melee: Hand axe          |    39 |    11 ||    50
Invok: Berserk           |     1 |       ||     1
Armor: Animal skin       |    22 |     2 ||    24
Dodge: Dodged            |    42 |     2 ||    44
